Cogmind - Beta 13 @@@ ROGUE MODE // 2024.04.30 @ 13:57:47 Player: Lunace Result: Self-destructed Performance ------------- Evolutions (3) 1500 Regions Visited (7) 1400 Robots Destroyed (75) 375 Value Destroyed (2967) 2967 Prototype IDs (26) 520 Alien Tech Used (0) 0 Bonus (1360) 1360 TOTAL SCORE: 8122 Bonus ------- High Alert Combat Kills 257 Follower Combat Kills 178 Entered Garrisons 200 Used RIF Installer 500 Aligned with FarCom 300 Friendly Fire -75 Cogmind --------- Core Integrity 525/700 Matter 28/300 Energy 300/300 System Corruption 11% Temperature Cool (0) Movement Rolling (115) Ox1 Location -7/Factory Parts ------- > --- POWER (1) -------- Enhanced Nuclear Core > --- PROPULSION (2) --- Compact Wheel > --- UTILITY (8) ------ Improved Heat Sink Modified TNC Relay Coupler [Swarmer] (37) > --- WEAPON (2) ------- Gauss Cannon Remote Datajack > --- INVENTORY (5) ---- Advanced Visual Processing Unit Experimental Sensor Array Improved Light Armor Plating Arc Projector Peak State ------------ > --- POWER ------------ Cooled Ion Engine > --- PROPULSION ------- Wheel Compact Wheel > --- UTILITY ---------- Improved Heat Sink Humpback Experimental Sensor Array Modified TNC Improved Utility Shielding Improved Light Armor Plating > --- WEAPON ----------- Gauss Cannon Gauss Cannon > --- INVENTORY -------- Ion Engine Wheel Large Matter Pod Large Matter Pod Advanced Visual Processing Unit Improved Light Armor Plating Improved Light Armor Plating Improved Light Armor Plating Improved Light Armor Plating Relay Coupler [NC] Relay Coupler [NC] Relay Coupler [NC] Relay Coupler [NC] Relay Coupler [Swarmer] Relay Coupler [Cutter] Relay Coupler [Grunt] Relay Coupler [Grunt] Relay Coupler [Sentry] Relay Coupler [Sentry] Relay Coupler [Specialist] Relay Coupler [Heavy] Recalibrator Arc Projector Arc Projector Arc Projector Arc Projector Gauss Cannon Gauss Cannon Rocket Launcher Rocket Launcher Mini Grenade Launcher Missile Launcher Datajack Hammer [Rating: 48] Favorites ----------- Power Ion Engine Engine Ion Engine Power Core Enhanced Nuclear Core Propulsion Compact Wheel Treads Light Treads Wheel Compact Wheel Utility Modified TNC Device Improved Heat Sink Storage Humpback Processor Modified TNC Hackware Relay Coupler [Grunt] Protection Improved Utility Shielding Weapon Gauss Cannon Energy Gun Beamcaster Energy Cannon Heavy Particle Cannon Ballistic Gun Light Assault Rifle Ballistic Cannon Gauss Cannon Launcher Grenade Launcher Special Weapon Remote Datajack Special Melee Weapon Datajack Build | -11 -10 -10 -10 -9 -8 -8 -7 ------- Run | Yrd Mat Min Exi Min Mat Gar Fac Slots Evolved 6 | . . . . . 4 . 2 Power . | . . . . . . . . Propulsion . | . . . . . . . . Utility 6 | . . . . . 4 . 2 Weapon . | . . . . . . . . Parts Attached 60 | 7 9 . 1 . 19 7 17 Power 6 | 1 1 . . . 2 . 2 Engine 3 | 1 1 . . . 1 . . Core 3 | . . . . . 1 . 2 Reactor . | . . . . . . . . Propulsion 9 | 2 2 . . . 2 1 2 Treads 2 | 2 . . . . . . . Leg . | . . . . . . . . Wheel 7 | . 2 . . . 2 1 2 Hover . | . . . . . . . . Flight . | . . . . . . . . Utility 28 | 2 4 . 1 . 11 2 8 Device 6 | 1 1 . . . 2 1 1 Storage 5 | 1 2 . . . 1 . 1 Processor 3 | . . . 1 . 2 . . Hackware 5 | . . . . . . . 5 Protection 9 | . 1 . . . 6 1 1 Artifact . | . . . . . . . . Weapon 17 | 2 2 . . . 4 4 5 Energy Gun 3 | 1 . . . . 1 1 . Energy Cannon 1 | . . . . . 1 . . Ballistic Gun 2 | 1 1 . . . . . . Ballistic Cannon 5 | . . . . . 1 3 1 Launcher 4 | . 1 . . . 1 . 2 Special Weapon 1 | . . . . . . . 1 Impact Weapon . | . . . . . . . . Slashing Weapon . | . . . . . . . . Piercing Weapon . | . . . . . . . . Special Melee Weapon 1 | . . . . . . . 1 Unidentified Prototypes 2 | . . . . . 1 . 1 Parts Lost 25 | . . . . . 6 1 18 Power . | . . . . . . . . Propulsion 7 | . . . . . 2 1 4 Utility 11 | . . . . . 3 . 8 Weapon 7 | . . . . . 1 . 6 Highest Loss Streak 10 | . . . . . 2 1 10 To Critical Strikes . | . . . . . . . . Average Slot Usage (%) 91 | . 99 100 100 100 86 85 82 Engine 9 | . 14 14 14 14 6 9 2 Core 1 | . . . . . 2 . 4 Treads 2 | . 17 . . . . . . Wheel 18 | . 10 28 28 28 17 18 14 Device 4 | . 5 14 5 . 2 4 7 Storage 10 | . 14 14 14 14 9 9 6 Processor 8 | . . . 8 14 16 9 7 Hackware 2 | . . . . . . . 13 Protection 9 | . 8 . . . 14 18 8 Energy Gun 4 | . 13 . . . 7 4 . Ballistic Gun 5 | . 13 14 14 14 1 . . Ballistic Cannon 4 | . . . . . 1 10 6 Launcher 5 | . . 14 14 14 6 3 2 Naked Turns . | . . . . . . . . Heaviest Build 237 | 14 90 90 90 89 231 237 228 Greatest Support 40 | 40 40 32 32 32 32 32 32 Greatest Overweight (x) 8 | . 2 2 2 2 7 8 8 Average Overweight (x) 4 | . 1 2 2 2 6 7 7 Largest Inventory Capacity 35 | 8 25 25 25 25 35 35 35 Average Capacity 29 | 7 16 25 25 25 35 35 33 Most Carried 35 | 3 14 17 21 23 31 35 34 Average Carried 22 | 2 7 16 18 21 25 31 29 Final Capacity 35 | 8 25 25 25 25 35 35 5 Final Carried 35 | 3 14 17 21 23 27 35 4 Class Distribution -------------------- 42% | Mutant 22% | Hauler-Mutant 21% | Bothacker-Mutant 14% | Hauler-Skirmisher Dominant Class ---------------- Mutant | -10/Materials Mutant | -10/Mines Mutant | -10/Exiles Mutant | -9/Mines Hauler-Skirmisher | -8/Materials Hauler-Mutant | -8/Garrison Bothacker-Mutant | -7/Factory Resources | -11 -10 -10 -10 -9 -8 -8 -7 ----------- Run | Yrd Mat Min Exi Min Mat Gar Fac Matter Collected 1966 | 276 119 68 232 20 373 365 513 Remotely . | . . . . . . . . Salvage Created 1929 | 107 221 18 . 20 898 285 380 Parts 127 | 3 16 6 . 3 55 29 15 Haulers Intercepted 2 | . . . . . 2 . . Recyclers Shooed 1 | . . . . . 1 . . Parts Field Recycled . | . . . . . . . . Retrieved Matter . | . . . . . . . . Parts Self-Destructed . | . . . . . . . . Prevented . | . . . . . . . . Kills | -11 -10 -10 -10 -9 -8 -8 -7 ------- Run | Yrd Mat Min Exi Min Mat Gar Fac Combat Hostiles Destroyed 61 | . 6 3 . 3 20 18 11 Guns 12 | . 6 . . . 5 1 . Cannons 13 | . . . . . 2 5 6 AOE 36 | . . 3 . 3 13 12 5 Classes Destroyed 14 | 2 3 . . . 6 1 2 Builder 2 | . . . . . 2 . . Tunneler 1 | 1 . . . . . . . Hauler 2 | . . . . . 2 . . Recycler 4 | 1 . . . . 1 . 2 Watcher 5 | . 3 . . . 2 . . Swarmer 21 | . 3 3 . 3 4 8 . Cutter 3 | . . . . . . 3 . Grunt 21 | . 3 . . . 8 3 7 Brawler 4 | . . . . . 3 . 1 Duelist 1 | . . . . . 1 . . Protector 1 | . . . . . . . 1 Sentry 7 | . . . . . 2 4 1 Hunter 2 | . . . . . 2 . . Programmer 1 | . . . . . . . 1 Best Kill Streak 10 | 2 3 3 . 3 10 4 8 Combat Bots Only 8 | . 3 3 . 3 8 4 7 Max Kills in Single Turn 4 | 1 1 3 . 2 3 4 2 Gunslinging . | . . . . . . . . Exploded 4 | . . 3 . 2 3 4 2 Melee . | . . . . . . . . Uniques/NPCs Destroyed . | . . . . . . . . Combat | -11 -10 -10 -10 -9 -8 -8 -7 -------- Run | Yrd Mat Min Exi Min Mat Gar Fac Hostile Shots Fired 232 | . 41 1 . 3 60 52 75 Missed 61 | . 12 . . 1 14 15 19 Damage Taken 3241 | . 297 10 . 78 827 691 1338 Core 505 | . 54 . . 22 170 84 175 Absorbed by Shields . | . . . . . . . . Redirected to Shielding 74 | . . . . . 9 65 . Regen/Repaired (Parts) 360 | . 52 . . . . . 308 Core Remaining (%) 74 | 100 . . . 69 . 53 . Volleys Fired 236 | 6 43 1 . 2 79 58 47 Largest 2 | 2 2 1 . 1 2 2 1 Hottest 150 | 70 70 30 . 30 150 123 48 Shots Fired 312 | 12 72 1 . 2 89 89 47 Gun 167 | 12 72 . . . 64 19 . Cannon 104 | . . . . . 14 55 35 Launcher 37 | . . 1 . 2 11 15 8 Special 4 | . . . . . . . 4 Kinetic 153 | 6 43 . . . 14 55 35 Thermal 118 | 6 29 . . . 64 19 . Explosive 37 | . . 1 . 2 11 15 8 Electromagnetic . | . . . . . . . . Robot Hit Streak 12 | 8 7 2 . 3 12 5 11 Robot Miss Streak 4 | 2 3 . . . 3 4 2 Penetration Max 1 | . . . . . . . 1 Secondary Targets . | . . . . . . . . Shots Hit Robots 184 | 9 39 1 . 1 60 33 41 Core Hits 123 | 5 18 3 . 4 44 24 25 Critical Kills . | . . . . . . . . Critical Parts Destroyed . | . . . . . . . . Critical Strikes 13 | 1 3 . . . 4 3 2 Burn 8 | 1 3 . . . 3 1 . Blast 5 | . . . . . 1 2 2 Melee Attacks 8 | . . . . . . . 8 Impact . | . . . . . . . . Slashing . | . . . . . . . . Piercing . | . . . . . . . . Sneak Attacks 2 | . . . . . . . 2 Combat Hostiles . | . . . . . . . . Follow-up Attacks . | . . . . . . . . Damage Inflicted 6571 | 83 429 122 . 310 2371 1541 1715 Guns 1614 | 83 429 . . . 911 191 . Cannons 1470 | . . . . . 219 453 798 Explosions 3485 | . . 122 . 310 1241 897 915 Melee . | . . . . . . . . Ramming 2 | . . . . . . . 2 Kinetic 1615 | 33 151 . . . 180 453 798 Thermal 1469 | 50 278 . . . 950 191 . Explosive 3485 | . . 122 . 310 1241 897 915 Electromagnetic . | . . . . . . . . Impact . | . . . . . . . . Slashing . | . . . . . . . . Piercing . | . . . . . . . . Highest Corruption 11 | . . . . . . . 11 Average Corruption 11 | . . . . . . . 11 Corruption Purged . | . . . . . . . . Corruption Blocked . | . . . . . . . . Effects 12 | . . . . . . . 12 Message Errors 3 | . . . . . . . 3 Matter Fused 1 | . . . . . . . 1 Heat Flow Errors 1 | . . . . . . . 1 Energy Discharges 2 | . . . . . . . 2 Data Loss (minor) 2 | . . . . . . . 2 Data Loss (major) 2 | . . . . . . . 2 Alerts 1 | . . . . . . . 1 Overload Shots . | . . . . . . . . Overflow Damage 139 | . . . . 31 60 10 38 Projectiles 47 | . . . . . 22 . 25 Explosions 92 | . . . . 31 38 10 13 Melee . | . . . . . . . . Knockbacks 15 | . . . . . 3 . 12 Impact . | . . . . . . . . Kinetic 14 | . . . . . 2 . 12 Secondary 1 | . . . . . 1 . . Self-Inflicted Damage 508 | . . . . 62 103 75 268 Shots 16 | . . . . 2 3 5 6 Rammed 1 | . . . . . . . 1 Targets Rammed 1 | . . . . . . . 1 Kicked . | . . . . . . . . Crushed . | . . . . . . . . Highest Temperature 489 | 70 356 . . . 489 427 271 Average Temperature 123 | 37 97 . . . 132 154 94 Received Heat Transfer 1080 | . 120 . . . 270 207 483 Effects 7 | . . . . . 6 1 . Energy Bleed 1 | . . . . . 1 . . Interference 1 | . . . . . 1 . . Matter Decay 1 | . . . . . 1 . . Damage (minor) 2 | . . . . . 1 1 . Damage (major) 2 | . . . . . 2 . . Siege Activations . | . . . . . . . . Robots Corrupted . | . . . . . . . . Combat Hostiles . | . . . . . . . . Parts Fried . | . . . . . . . . Impact Corruptions . | . . . . . . . . Robots Melted . | . . . . . . . . Combat Hostiles . | . . . . . . . . Parts Melted 3 | 1 2 . . . . . . Heat Transferred 3533 | 222 1036 . . . 1887 388 . Parts Sabotaged . | . . . . . . . . Parts Stolen . | . . . . . . . . Parts Stripped . | . . . . . . . . Power Chain Reactions . | . . . . . . . . Alert | -11 -10 -10 -10 -9 -8 -8 -7 ------- Run | Yrd Mat Min Exi Min Mat Gar Fac Peak Influence 1147 | 10 124 73 . 128 449 1147 670 Initial 602 | . 6 . . . 14 226 602 Average 341 | 4 48 62 . 84 225 714 530 Maximum Alert Level 4 | . . . . . 2 4 2 Low Security (%) 46 | 100 100 100 . 100 41 . . Level 1 14 | . . . . . 50 16 1 Level 2 25 | . . . . . 7 29 98 Level 3 13 | . . . . . . 53 . Level 4 . | . . . . . . . . Level 5 . | . . . . . . . . High Security . | . . . . . . . . Max Security . | . . . . . . . . Squads Dispatched 10 | . 1 . . 1 2 . 6 Investigation . | . . . . . . . . Extermination 2 | . . . . . . . 2 Reinforcement 4 | . 1 . . . 1 . 2 Assault 3 | . . . . 1 1 . 1 Garrison 1 | . . . . . . . 1 Intercept . | . . . . . . . . Searches Triggered . | . . . . . . . . Construction Impeded 1 | . . . . . . . 1 Haulers Reinforced . | . . . . . . . . Active Scanning Responses . | . . . . . . . . Cargo Convoy Interrupts . | . . . . . . . . Stealth | -11 -10 -10 -10 -9 -8 -8 -7 --------- Run | Yrd Mat Min Exi Min Mat Gar Fac Distress Signals 5 | . . . . . 4 . 1 Communications Jammed . | . . . . . . . . Distress Signals . | . . . . . . . . Times Spotted 93 | . 12 3 . 2 33 20 23 Peak Tracking Total 9 | . 3 3 . 2 9 4 6 Tactical Retreats 3 | . . . . . 1 2 . Traps | -11 -10 -10 -10 -9 -8 -8 -7 ------- Run | Yrd Mat Min Exi Min Mat Gar Fac Traps Triggered 8 | . . . . . . 8 . Indirectly . | . . . . . . . . Trap Hack Attempts . | . . . . . . . . Triggered . | . . . . . . . . Disarmed . | . . . . . . . . Reprogrammed . | . . . . . . . . Reused . | . . . . . . . . Traps Extracted . | . . . . . . . . Installed . | . . . . . . . . Triggered . | . . . . . . . . Machines | -11 -10 -10 -10 -9 -8 -8 -7 ---------- Run | Yrd Mat Min Exi Min Mat Gar Fac Machines Disabled 11 | . . . . . 3 7 1 Max in Single Turn 2 | . . . . . 1 2 . Garrison Relay 3 | . . . . . . 3 . Phase Generator 1 | . . . . . . 1 . Machines Repaired . | . . . . . . . . Machines Dismantled . | . . . . . . . . Machines Sabotaged . | . . . . . . . . Overloaded Fab Kills . | . . . . . . . . Hacking | -11 -10 -10 -10 -9 -8 -8 -7 --------- Run | Yrd Mat Min Exi Min Mat Gar Fac Machines Accessed 21 | . 8 . 2 . 6 2 3 Terminals 14 | . 6 . . . 5 2 1 Fabricators . | . . . . . . . . Repair Stations 2 | . 1 . . . . . 1 Recycling Units 1 | . 1 . . . . . . Scanalyzers . | . . . . . . . . Garrison Access 2 | . . . . . 1 . 1 Total Hacks 58 | . 26 . 2 . 19 3 8 Successful 31 | . 13 . 2 . 8 2 6 Failed 27 | . 13 . . . 11 1 2 Catastrophic 1 | . . . . . 1 . . Database Lockouts . | . . . . . . . . Manual 39 | . 18 . 1 . 16 . 4 Terminals 44 | . 21 . . . 16 3 4 Fabricators . | . . . . . . . . Repair Stations 5 | . 3 . . . . . 2 Recycling Units 2 | . 2 . . . . . . Scanalyzers . | . . . . . . . . Garrison Access 5 | . . . . . 3 . 2 Terminal Hacks 9 | . 3 . 2 . 2 2 . Record 1 | . . . 1 . . . . Robot Analysis 1 | . 1 . . . . . . Branch Access Points 1 | . 1 . . . . . . Emergency Access Points 1 | . . . . . . 1 . Locate Traps 1 | . 1 . . . . . . Recall Investigation 1 | . . . . . 1 . . Zone Layout 1 | . . . . . 1 . . Patrol Navigation 1 | . . . . . . 1 . Derelict Proto ID Bank 1 | . . . 1 . . . . Fabricator Hacks . | . . . . . . . . Repair Station Hacks 4 | . 2 . . . . . 2 Scan Component 2 | . 1 . . . . . 1 Repair 2 | . 1 . . . . . 1 Recycling Unit Hacks . | . . . . . . . . Scanalyzer . | . . . . . . . . Garrison Access Hacks 3 | . . . . . 1 . 2 Unlock Access 2 | . . . . . 1 . 1 Coupler Status 1 | . . . . . . . 1 Unauthorized Hacks 15 | . 8 . . . 5 . 2 Terminals 13 | . 6 . . . 5 . 2 Botnet 10 | . 5 . . . 4 . 1 Operators 3 | . 1 . . . 1 . 1 Fabricators . | . . . . . . . . Repair Stations . | . . . . . . . . Recycling Units 2 | . 2 . . . . . . Monitor 1 | . 1 . . . . . . Recyclers 1 | . 1 . . . . . . Scanalyzers . | . . . . . . . . Garrison Access . | . . . . . . . . Data Cores Recovered . | . . . . . . . . Used . | . . . . . . . . Hacking Detections 16 | . 7 . . . 5 2 2 Full Trace Events . | . . . . . . . . Feedback Events . | . . . . . . . . Feedback Blocked . | . . . . . . . . Robot Schematics Acquired . | . . . . . . . . Robots Built . | . . . . . . . . Authchips . | . . . . . . . . Time . | . . . . . . . . Total Robot Build Rating . | . . . . . . . . Part Schematics Acquired . | . . . . . . . . Parts Built . | . . . . . . . . Authchips . | . . . . . . . . Time . | . . . . . . . . Total Part Build Rating . | . . . . . . . . Parts Repaired 2 | . 1 . . . . . 1 Time 39 | . 13 . . . . . 26 Parts Recycled . | . . . . . . . . Recycled Matter . | . . . . . . . . Retrieved Matter . | . . . . . . . . Retrieved Components . | . . . . . . . . Parts Scanalyzed . | . . . . . . . . Part Schematics Acquired . | . . . . . . . . Parts Damaged . | . . . . . . . . Bothacking | -11 -10 -10 -10 -9 -8 -8 -7 ------------ Run | Yrd Mat Min Exi Min Mat Gar Fac Used RIF Installer 1 | . . . . . . 1 . Robots Hacked 8 | . . . . . . . 8 Non-combat 1 | . . . . . . . 1 Combat 7 | . . . . . . . 7 Robot Hacks Applied 9 | . . . . . . . 9 generate_echo 1 | . . . . . . . 1 drop_inventory 1 | . . . . . . . 1 overwrite_iff 4 | . . . . . . . 4 formatsys_high 3 | . . . . . . . 3 Relay Couplers Released 12 | . . . . . . 12 . Machine Destruction 12 | . . . . . . 12 . Attached 5 | . . . . . . . 5 Fabnet Peak Effective % . | . . . . . . . . Robots Rewired . | . . . . . . . . Allies Hacked . | . . . . . . . . Hacks Repelled . | . . . . . . . . Allies | -11 -10 -10 -10 -9 -8 -8 -7 -------- Run | Yrd Mat Min Exi Min Mat Gar Fac Total Allies 13 | . . 3 . 3 . . 7 Largest Group 4 | . . 3 3 4 3 . 3 Highest-Rated Group 76 | . . 40 40 70 70 . 76 Highest-Rated Ally 32 | . . 16 16 31 31 . 32 Total Orders 3 | . . . . . . . 3 STAY 2 | . . . . . . . 2 FOLLOW 1 | . . . . . . . 1 Ally Attacks 75 | . . . . 19 21 . 35 Total Damage 1401 | . . . . 269 299 . 833 Kills 11 | . . . . 4 3 . 4 Allies Corrupted 1 | . . . . . . . 1 Allies Melted . | . . . . . . . . Intel | -11 -10 -10 -10 -9 -8 -8 -7 ------- Run | Yrd Mat Min Exi Min Mat Gar Fac Robot Analysis Total 1 | . 1 . . . . . . Derelict Logs Recovered 4 | . . 2 . 2 . . . Drone Launches . | . . . . . . . . Drone Recoveries . | . . . . . . . . Exploration | -11 -10 -10 -10 -9 -8 -8 -7 ------------- Run | Yrd Mat Min Exi Min Mat Gar Fac Turns Passed 6368 | 97 1058 459 391 679 1119 1562 1003 Spaces Moved 3107 | 46 513 341 298 510 400 627 372 Core 5 | 5 . . . . . . . Treads 275 | 41 234 . . . . . . Legs . | . . . . . . . . Wheels 2827 | . 279 341 298 510 400 627 372 Hover . | . . . . . . . . Flight . | . . . . . . . . Fastest Speed 50 | 50 130 130 130 130 190 205 90 Average Speed 165 | 148 143 130 130 130 197 207 201 Slowest Speed 210 | 160 160 130 130 130 205 210 210 Overloaded Moves . | . . . . . . . . Propulsion Burnouts . | . . . . . . . . Robots Hopped . | . . . . . . . . Cave-ins Triggered . | . . . . . . . . Exploration Rate (%) 55 | 4 97 54 69 98 40 74 6 Regions Visited 7 Branch Regions 3 Pre-discovered Areas 2 | . . . 1 1 . . . Known Exits Taken 2 | . 1 . . . 1 . . Unknown Exits Taken 4 | 1 . 1 1 1 . . . Scrap Searched 3 | . . 1 . 2 . . . Spaces Dug 1 | . . . . . . . 1 Terrain Destroyed 234 | . . 3 . 23 57 111 40 Melee . | . . . . . . . . Projectile 17 | . . . . . 10 . 7 AOE 217 | . . 3 . 23 47 111 33 Terrain Rammed . | . . . . . . . . Walls Destroyed . | . . . . . . . . Machines Disabled . | . . . . . . . . Actions | -11 -10 -10 -10 -9 -8 -8 -7 --------- Run | Yrd Mat Min Exi Min Mat Gar Fac Total 4033 | 61 770 356 301 524 642 803 576 Wait 440 | . 184 12 . 11 107 38 88 Move 3101 | 45 512 340 297 509 400 626 372 Hop . | . . . . . . . . Pick Up 95 | 3 13 3 2 2 21 18 33 Fast Attach 24 | 7 4 . 1 . 8 . 4 Attach 23 | . . . . . 8 4 11 Detach 5 | . 2 . 1 . . . 2 Swap 13 | . 5 . . . 3 3 2 Drop 39 | . 7 . . . 16 8 8 Fire 236 | 6 43 1 . 2 79 58 47 Melee 8 | . . . . . . . 8 Ram 1 | . . . . . . . 1 Kick . | . . . . . . . . Crush . | . . . . . . . . Escape Stasis 48 | . . . . . . 48 . Rewire . | . . . . . . . . Trap . | . . . . . . . . Miscellaneous . | . . . . . . . . Route ------- -11/Scrapyard -10/Materials (discovered 5 exits: [*Mat x3] / *Min / [*Sub]) -10/Mines (discovered 2 exits: [*Mat] / *Exi) -10/Exiles -9/Mines (discovered 2 exits: *Mat x2) -8/Materials -8/Garrison (discovered 3 exits: *Fac x3) -7/Factory (discovered 1 exit: Gar) History --------- Turn | Location | Event 10 | -11/Scrapyard | Discovered new exit (range 15) 98 | -11/Scrapyard | Entered Materials 313 | -10/Materials | Build established: Mutant 598 | -10/Materials | Derelicts attacked the area 661 | -10/Materials | Discovered new exit (range 3) 785 | -10/Materials | Identified exit to Mines 803 | -10/Materials | Discovered new exit (range 5) 846 | -10/Materials | Discovered new exit (range 12) 876 | -10/Materials | Repaired Lgt. Assault Rifle 1056 | -10/Materials | Discovered new exit (range 16) 1156 | -10/Materials | Entered Mines 1182 | -10/Mines | Learned 2 Materials zone layouts 1188 | -10/Mines | Learned Materials stockpile data 1391 | -10/Mines | Received a Rocket Launcher from a helpful Derelict 1446 | -10/Mines | Assisted by bots powering up and referring to "LRC-V3" 1493 | -10/Mines | Discovered new exit (range 6) 1608 | -10/Mines | Deemed a non-threat by the Exiles lab entrance 1608 | -10/Mines | Discovered new exit (range 5) 1615 | -10/Mines | Entered Exiles 1615 | -10/Exiles | Accompanied by 3 allies 1648 | -10/Exiles | Met 8R-AWN 1669 | -10/Exiles | Met EX-HEX 1705 | -10/Exiles | Met EX-BIN 1723 | -10/Exiles | Aligned with FarCom system 1725 | -10/Exiles | Given EX-Vault access code 1755 | -10/Exiles | Opened EX-Vault 1764 | -10/Exiles | Found Modified TNC 1793 | -10/Exiles | Warned to stay clear of 0b10 Research branches 1828 | -10/Exiles | Met EX-DEC 1838 | -10/Exiles | Learned location of Zion (-6) 1995 | -10/Exiles | Discovered new exit (range 10) 2006 | -10/Exiles | Left Exiles lab with Modified TNC 2006 | -10/Exiles | Entered Mines 2006 | -9/Mines | Accompanied by 2 allies 2271 | -9/Mines | Learned Materials interactive machine intel 2297 | -9/Mines | Found a damaged Exp. Sensor Array with a note attached 2300 | -9/Mines | Found Prototype Device 2619 | -9/Mines | Discovered new exit (range 14) 2662 | -9/Mines | Met a Derelict testing a Signal Generator 2662 | -9/Mines | Discovered new exit (range 6) 2672 | -9/Mines | Found Signal Generator 2685 | -9/Mines | Entered Materials 2685 | -8/Materials | Accompanied by 3 allies 2685 | -8/Materials | Evolved 4 slots: Utility x4 2688 | -8/Materials | Loaded intel: 19 interactive machine locations 2690 | -8/Materials | Led the pair of lost Derelicts to an unsafe place 2980 | -8/Materials | Build established: Hauler-Skirmisher 3420 | -8/Materials | Destroyed 8 combat bots 3804 | -8/Materials | Identified exit to Garrison 3804 | -8/Materials | Entered Garrison 3880 | -8/Garrison | Build established: Hauler-Mutant 3894 | -8/Garrison | Triggered checkpoint 3917 | -8/Garrison | Triggered checkpoint 4166 | -8/Garrison | Discovered new exit (range 12) 4210 | -8/Garrison | Triggered checkpoint 4238 | -8/Garrison | Garrison Relay disabled 4394 | -8/Garrison | Triggered checkpoint 4459 | -8/Garrison | Discovered new exit (range 13) 4524 | -8/Garrison | Triggered checkpoint 4695 | -8/Garrison | Garrison Relay disabled 4753 | -8/Garrison | Installed Relay Interface Framework 5012 | -8/Garrison | Triggered checkpoint 5046 | -8/Garrison | Build established: Bothacker-Mutant 5073 | -8/Garrison | Garrison Relay disabled 5330 | -8/Garrison | Discovered new exit (range 4) 5361 | -8/Garrison | Phase Generator disabled 5366 | -8/Garrison | Entered Factory 5366 | -7/Factory | Evolved 2 slots: Utility x2 5366 | -7/Factory | Identified Exp. Sensor Array 5521 | -7/Factory | Repaired Humpback 6011 | -7/Factory | Identified exit to Garrison 6029 | -7/Factory | System corruption reached 10% 6035 | -7/Factory | Garrison activated, responded to threat 6070 | -7/Factory | Lost 6 parts (2n2u2w) 6090 | -7/Factory | Destroyed 7 combat bots 6166 | -7/Factory | First assault squad dispatched 6369 | -7/Factory | Self-destructed Last Messages --------------- 06352_ Com. Wheel destroyed. 06354_ G-50 Soldier knocked back. 06358_ U-05 Engineer builds a Wall. 06358_ Humpback destroyed. 06358_ Wheel crushed and broken. 06358_ Lrg. Matter Pod crushed and broken. 06358_ Imp. Light Armor Plating crushed and broken. 06358_ Hammer crushed and broken. 06358_ Relay Coupler [NC] crushed and broken. 06358_ Relay Coupler [Specialist] crushed and broken. 06358_ Rocket Launcher crushed and broken. 06358_ Gauss Cannon crushed and broken. 06361_ G-47 Trooper knocked back. 06363_ G-47 Trooper destroyed. 06364_ U-05 Engineer builds a Wall. 06366_ ALERT: Rogue bot located, Programmers report to Factory Zone 9J. 06367_ G-50 Soldier destroyed. Map ----- +----------------------------------------------------+ | ?????????????????????????????#?## + | | ???????????????????????????????#" ###+####### | | ???????????????????????????????## !! ## | | ????????????????????????????????# !] ## """ """ | | ????????????????????????????????# ! ## """ """ | | ????????????????????????????????# ## """ """ | | ????????????????????????????????######### | | ????????????????????????????????????????# = | | ????????????????????????????????????????# | | ????????????????????????????????????????# ! ! | | ??????????????????????#######???????????#+######## | | ??????????????????????# !#???????????# #??????? | | ?????????????????????? #???????????# #??????? | | ??????????????Y???????? ????????????# #??????? | | ??????????????????????? ????????????# ######## | | ??????????? ??????????? ????????????# | | ??????????? !??????????#% #????????????# ######## | | ???????????# ?g####### ;????????????# #????# | | ???????????? ?# #^^u/????????????# #????# | | ?????????????? # #*%%#????????????# #????# | | ???????????????? / #%%*#????????????# #????# | | ?????????????????# #%%=#????????????# #????# | | ?????????????????# #*%=#????????????# #????# | | ?????????????????# #==!############## #????### | | ?????????????????# +%%/u![ #??##### | | ?????????????????# #!@[################??# | | ?????????????????# #!!]#?????????????????# | | ?????????????????# #![[################### | | ?????????????????# #]!=! # | | ?????????????????# #!!* # | | ?????????????????####### ! ! # | | ???????????????????????## ############## + | | ????????????????????????# #### ###?# # | | ???????????# ????????### ############## # | | ???????????+ ###### ## # # | | ???????????# ]#* !* "# # | | ???????????# +* T# # | | ???????????# !##= "# ##### | | ???????????# ###### ! ## % + #???? | | ???????????# ???????###+#"## # #???? | | ????o??????? ?????????# + # #???? | | ??????????????????????# # + #???? | | ??????????????????????# #############+####### | | ??????????????????????# " " ######## # | | ??????????????????????# "R" #??????# # | | ??????????????????????# """ #??????# """ """ # | | ????????????# #######+############ """ """ # | | ????????????# + """ """ # | | ?????????+ ##### # | | ???????????## #???# """ """ # | +----------------------------------------------------+ Best States ------------- Heat Dissipation 48 Energy Generation 17 Energy Capacity 300 Matter Stores 300 Matter Capacity 300 Sight Range 20 Terrain Scan Density 10 Armor Coverage 600 Utility Shielding 66 Evasion (%) 42 Recoil Reduction 2 Relay Coupler Types 3 Relay Coupler Value 68 Item Schematics ----------------- None Robot Schematics ------------------ None Fabricated ------------ Nothing Alien Tech Used ----------------- None Achievements -------------- None Challenges ------------ None Game ------ Seed OmegaPropulsionPlating Manual? 0 Play Time 00:45:53 Cumulative 140.4 hours Start 2024.04.30 @ 12:51:54 End 2024.04.30 @ 13:57:47 Sessions 1 Manual Loads 0 Difficulty Rogue Special Mode None Game No. 146 Rogue 141 Adventurer 5 Explorer 0 Win Type - Total 3 Types 2/0/0/1/0/0/0/0/0 Lore% 52 Gallery% 69 Achievement% 50 Wizard Run 0 Options --------- Layout 1 ASCII 0 Keyboard 0 Movement Arrows Keybinds 0 Fullscreen 1 Font 24/Terminus Map View 50x35 Zoom Use 0% Tactical HUD 1 Map Filters NONE Filters NONE Steam 1 RUN: 1ea9d388-039f-4c3f-b8f9-bd9de626f83e